Map: Chantier naval orbital

Players

KrOk - Winner!

  • Race: Terran Terran
  • League: Master

eDen

  • Race: Terran Terran
  • League: Master

VOD

Have the link to the VOD?

Description

Time

  • Played on: Dec. 5, 2015, 12:58 p.m.
  • Length: 10:36
Show
View Real Time Build Order
Export as new Build Order

KrOk Terran - Winner!

Build Orders: Bio Tank 

Get SALT Encoding   

  12  0:01  SCV  
  13  0:13  SCV  
  14  0:19  Supply Depot  
  14  0:25  SCV  
  15  0:41  SCV  
  15  0:42  Barracks  
  16  0:46  Refinery  
  16  0:53  SCV  
  17  1:05  SCV  
  18  1:17  SCV  
  19  1:29  Marine  
  19  1:32  Orbital Command  
  20  1:43  Command Center  
  20  1:47  Marine  
  20  1:53  Supply Depot  
  21  2:02  Factory  
  21  2:05  Marine  
  22  2:12  SCV  
  23  2:22  Refinery  
  23  2:23  Marine  
  23  2:24  SCV  
  25  2:35  Supply Depot  
  25  2:36  SCV  
  26  2:42  Marine  
  27  2:46  Factory Tech Lab  
  27  2:48  SCV  
  27  2:49  Starport  
  28  2:57  Orbital Command  
  28  3:12  Marine  
  28  3:13  Cyclone  
  28  3:14  SCV  
  33  3:26  SCV  
  34  3:29  SCV  
  34  3:30  Marine  
  34  3:33  Medivac  
  38  3:39  SCV  
  38  3:41  SCV  
  40  3:52  SCV  
  40  3:53  SCV  
  42  4:00  Command Center  
  42  4:01  Siege Tank  
  46  4:05  SCV  
  46  4:09  SCV  
  48  4:17  SCV  
  48  4:20  Barracks  
  48  4:21  Barracks Tech Lab  
  48  4:23  SCV, Barracks  
  49  4:29  SCV, Viking  
  52  4:32  Engineering Bay  
  52  4:35  SCV  
  53  4:40  Combat Shields, Marine  
  53  4:45  SCV  
  54  4:47  SCV  
  51  4:55  Siege Tank  
  51  4:59  Refinery  
  54  5:01  Refinery  
  54  5:02  Supply Depot  
  54  5:04  Supply Depot x2  
  54  5:08  Missile Turret  
  54  5:12  SCV x2, Missile Turret  
  56  5:15  Barracks Reactor x2  
  56  5:22  Marine  
  55  5:40  Marine  
  56  5:43  Orbital Command  
  56  5:45  Starport Reactor  
  56  5:46  SCV  
  56  5:48  Supply Depot  
  56  5:49  SCV  
  58  5:56  Missile Turret  
  58  5:58  SCV, Marine  
  58  5:59  Stimpack  
  58  6:01  Orbital Command  
  58  6:02  SCV  
  58  6:03  Marine  
  58  6:04  Marine  
  63  6:07  Terran Infantry Weapons Level 1  
  63  6:10  SCV  
  64  6:14  SCV  
  64  6:15  Missile Turret, Marine  
  64  6:16  Marine x2  
  68  6:21  Marine, Medivac  
  68  6:24  Medivac  
  73  6:27  SCV x2  
  75  6:33  Marine  
  76  6:41  Marine x4  
  76  6:43  Siege Tank  
  82  6:51  Marine  
  83  6:56  Medivac  
  83  6:58  Marine x2  
  83  6:59  Supply Depot, Marine x2  
  83  7:00  Supply Depot  
  83  7:01  Supply Depot  
  89  7:04  Armory, Supply Depot  
  89  7:06  Engineering Bay  
  89  7:09  Factory  
  89  7:11  Barracks  
  89  7:12  Marine  
  89  7:14  SCV x2  
  89  7:15  Missile Turret  
  92  7:16  Marine  
  92  7:19  Siege Tank  
  96  7:24  Supply Depot, Medivac  
  96  7:26  SCV x2  
  96  7:27  SCV  
  101  7:30  Marine x3  
  101  7:31  Marine  
  101  7:36  Marine  
  106  7:38  Terran Infantry Armor Level 1  
  106  7:41  SCV x3  
  109  7:48  Marine x4  
  113  7:53  SCV, Siege Tank, Marine  
  113  7:56  Terran Vehicle Weapons Level 1  
  118  7:58  Factory Tech Lab  
  118  7:59  Barracks Reactor  
  118  8:06  Marine x4  
  118  8:11  Marine  
  118  8:12  Viking x2  
  127  8:14  Terran Infantry Weapons Level 2  
  127  8:22  Command Center  
  127  8:24  Marine x2  
  110  8:39  Marine  
  110  8:40  Marine x4  
  110  8:41  Siege Tank x2, Marine x2  
  104  8:56  Medivac  
  104  8:57  Marine  
  104  8:58  Marine x4  
  104  9:00  SCV x3  
  104  9:02  Refinery  
  114  9:03  Refinery  
  114  9:12  SCV x3  
  114  9:16  Missile Turret  
  117  9:22  Marine x4  
  119  9:26  SCV x3  
  105  9:38  SCV x3  
  95  9:40  Missile Turret  
  95  9:45  Marine x3  
  96  9:46  Siege Tank  
  96  9:47  Viking x2, Siege Tank  
  96  9:50  SCV x3  
  110  9:59  Marine x2  
  112  10:00  Marine x2  
  112  10:02  SCV x2  
  112  10:03  SCV, Supply Depot, Marine  
  112  10:04  Supply Depot  
  118  10:10  Marine  
  118  10:11  Marine  
  118  10:13  Missile Turret  
  120  10:17  Marine x2  
  120  10:18  Marine x2  
Show
View Real Time Build Order
Export as new Build Order

eDen Terran 

Build Orders: 1/1/1, Bio Tank, Banshee Rush 

Get SALT Encoding   

  12  0:01  SCV  
  13  0:13  SCV  
  14  0:17  Supply Depot  
  14  0:25  SCV  
  15  0:28  Refinery  
  15  0:39  SCV  
  16  0:45  Barracks  
  16  0:51  SCV  
  17  1:00  Refinery  
  17  1:03  SCV  
  18  1:15  SCV  
  19  1:31  Orbital Command  
  19  1:33  Factory  
  19  1:37  Reaper  
  20  1:47  Supply Depot  
  20  1:58  SCV  
  20  2:10  SCV  
  21  2:17  Hellion  
  21  2:19  Starport  
  21  2:22  SCV, Reaper  
  25  2:29  Supply Depot  
  25  2:34  SCV  
  26  2:44  Hellion  
  28  2:48  SCV  
  29  3:00  SCV  
  29  3:02  Starport Tech Lab  
  30  3:14  SCV  
  31  3:20  Cloaking Field  
  31  3:21  Banshee  
  34  3:29  SCV  
  34  3:32  Command Center  
  35  3:41  SCV  
  34  3:48  Barracks Reactor, Factory Tech Lab  
  34  3:53  SCV  
  31  4:07  Siege Tank  
  31  4:09  Supply Depot  
  37  4:11  SCV, Supply Depot  
  38  4:25  Marine  
  38  4:30  Marine  
  40  4:38  Command Center  
  37  4:43  Marine  
  37  4:48  Marine  
  37  4:49  SCV  
  37  4:51  Siege Tank  
  37  4:52  Medivac  
  44  4:59  Orbital Command  
  44  5:02  SCV  
  45  5:07  Supply Depot  
  45  5:14  SCV  
  48  5:26  SCV x2  
  48  5:32  Starport Reactor  
  48  5:38  SCV  
  48  5:41  SCV  
  50  5:45  Stimpack  
  50  5:47  Engineering Bay  
  50  5:50  SCV, Engineering Bay  
  50  5:53  SCV, Orbital Command  
  50  5:56  Marine  
  53  5:57  Siege Tank  
  53  6:03  SCV  
  57  6:11  Barracks  
  57  6:13  SCV  
  57  6:14  Marine  
  57  6:15  Barracks  
  57  6:16  Starport Reactor  
  57  6:17  Terran Infantry Weapons Level 1  
  57  6:18  Terran Infantry Armor Level 1  
  59  6:21  SCV x2  
  61  6:26  SCV  
  61  6:28  Refinery  
  61  6:29  Refinery  
  61  6:32  Marine  
  63  6:33  Siege Tank  
  63  6:36  SCV x2  
  68  6:46  SCV  
  69  6:48  Barracks  
  69  6:51  Marine, Orbital Command  
  70  6:56  SCV  
  71  7:05  Siege Tank  
  71  7:06  Marine x3, Medivac  
  71  7:07  Marine  
  80  7:09  Marine  
  80  7:11  SCV  
  80  7:12  Barracks  
  82  7:17  Missile Turret x2  
  82  7:19  SCV  
  83  7:24  Marine  
  83  7:25  Supply Depot, Missile Turret  
  83  7:26  Supply Depot x2, SCV  
  85  7:36  Supply Depot  
  85  7:37  Supply Depot  
  85  7:41  Barracks Reactor  
  85  7:47  SCV x3, Medivac, Marine  
  85  7:50  Combat Shields, Marine x4  
  95  7:59  Supply Depot, SCV x2  
  95  8:00  SCV  
  95  8:04  Marine  
  95  8:05  Barracks Reactor  
  99  8:06  Medivac  
  99  8:07  Siege Tank, Marine  
  99  8:08  Marine  
  105  8:13  SCV x2  
  105  8:14  SCV  
  108  8:20  Marine x3  
  108  8:21  Marine  
  108  8:24  Supply Depot, Marine  
  108  8:25  Marine x2, Medivac  
  108  8:38  Marine x4  
  96  8:42  Marine  
  96  8:43  Marine x2  
  93  8:54  Marine x2  
  93  8:55  SCV x3  
  86  8:56  Marine x4  
  86  9:00  Marine  
  86  9:01  Marine x2  
  89  9:08  Armory  
  89  9:09  Siege Tank, Medivac  
  94  9:10  Medivac  
  94  9:11  Marine  
  94  9:12  Marine  
  94  9:14  Marine  
  87  9:31  Marine x2  
  87  9:36  Command Center  
  88  9:42  Marine x3  
  86  9:46  Siege Tank, Medivac x2  
  93  10:03  Marine x2  
Tags
 
Add a new tag
Caveats
  • Supply blocks, unpowered buildings, or Contaminate may cause inaccurate times.
  • Supply counts are checked every 10 seconds.